 Dungeon Crawl Stone Soup version 0.29-a0-409-gd843f3a48c (webtiles) character file.

Game seed: 3784289666326507602

5 spiderkeys the Skirmisher (level 1, 0/18 HPs)
             Began as a Mummy Abyssal Knight on May 14, 2022.
             Was a Believer of Lugonu.
             Slain by a kobold
             ... wielding a +0 short sword
              (2 damage)
             ... on level 1 of the Dungeon.
             The game lasted 00:00:23 (89 turns).

spiderkeys the Skirmisher (Mummy Abyssal Knight)      Turns: 89, Time: 00:00:24

Health: 0/18       AC:  3    Str: 16    XL:     1   Next: 66%
Magic:  2/2        EV: 11    Int:  9    God:    Lugonu [**....]
Gold:   10         SH:  0    Dex: 12    Spells: 0/0 levels left

rFire   x . .      SeeInvis .   a - +1 spear
rCold   + . .      Faith    .   (no shield)
rNeg    + + +      Spirit   .   b - +0 leather armour
rPois   ∞          Reflect  .   (no helmet)
rElec   .          Harm     .   (no cloak)
rCorr   .          Rampage  .   (no gloves)
Will    .....                   (no boots)
Stlth   +.........              (no amulet)
HPRegen 0.06/turn               (no ring)
MPRegen 0.08/turn               (no ring)

@: no status effects
A: cold resistance 1, negative energy resistance 3, torment resistance 2, heat
vulnerability 1, no potions
a: Renounce Religion, Depart the Abyss, Bend Space


You were on level 1 of the Dungeon.
You worshipped Lugonu.
Lugonu was pleased with you.
You visited 1 branch of the dungeon, and saw 1 of its levels.
You visited the Abyss 1 time.

You collected 10 gold pieces.


Innate Abilities, Weirdness & Mutations

You are immune to poison.
Your flesh is cold resistant. (rC+)
You are immune to negative energy. (rN+++)
You are immune to unholy pain and torment.
You are vulnerable to heat. (rF-)
You do not drink.


   Skills:
 + Level 3.1 Fighting
 + Level 1.7 Polearms
 - Level 1.5 Armour
 + Level 1.0 Dodging
 + Level 1.7 Invocations


You couldn't memorise any spells.
You didn't know any spells.
Your spell library was empty.

Inventory:

Hand Weapons
 a - a +1 spear (weapon)
Armour
 b - a +0 leather armour (worn)

Dungeon Overview and Level Annotations

Branches:
Dungeon (1/15)

Altars:

#....
#.........# #.
....###.#.#.###
.............#
...>.###.###.#
.....###.# #.#
.........# #.#
###+###..###.##
#.K.......#
#@#..###..#
#†#...# #
#.##....
#.##......
..........#
...........
..##.##K#.#
...+


You could see a kobold.


Message History

You hit the rat.
You kill the rat!
Lugonu accepts your kill.
No target in view!
No target in view!
A goblin comes into view. It is wielding a +0 dagger.
A goblin is nearby!
A goblin is nearby!
The goblin shouts!
You reach to attack!
You hit the goblin. You hit the goblin.
You kill the goblin!
Lugonu accepts your kill.
No target in view!
No target in view!
No target in view!
You see here a +0 dagger.
Found a stone staircase leading down.
You now have 10 gold pieces.
A jackal comes into view.
The jackal barks!
A kobold comes into view. It is wielding a +0 short sword.
A frilled lizard comes into view.
There are monsters nearby!
A jackal comes into view.
The jackal barks!
You hear a shout!
You reach to attack!
You miss the jackal. You hit the jackal.
You kill the jackal!
Lugonu accepts your kill.
A giant cockroach comes into view.
You reach to attack!
You hit the frilled lizard.
You kill the frilled lizard!
Lugonu accepts your kill.
You reach to attack!
You closely miss the jackal. The jackal bites you. 😕 HP[-1]
You take 1 damage, and now have 17/18 hp.
You puncture the jackal!
You kill the jackal!
Lugonu accepts your kill.
Your Dodging skill increases to level 1!
You closely miss the giant cockroach.
The giant cockroach bites you but does no damage.
You barely miss the giant cockroach. The giant cockroach bites you.
The kobold hits you with a +0 short sword. 😕 HP[-3]
You take 3 damage, and now have 14/18 hp.
You barely miss the giant cockroach. The giant cockroach barely misses you.
The kobold barely misses you.
You barely miss the giant cockroach.
The giant cockroach bites you but does no damage.
The kobold completely misses you.
The giant cockroach bites you but does no damage.
You barely miss the giant cockroach. The giant cockroach bites you.
The kobold closely misses you. 😮 HP[-1]
You take 1 damage, and now have 13/18 hp.
You are too injured to fight recklessly!
You hit the giant cockroach but do no damage.
The giant cockroach bites you. The kobold barely misses you. 😮 HP[-2]
You take 2 damage, and now have 11/18 hp.
You barely miss the giant cockroach. The giant cockroach barely misses you.
The kobold hits you with a +0 short sword.
* * * LOW HITPOINT WARNING * * *
😨 HP[-2]
You take 2 damage, and now have 9/18 hp.
You hit the giant cockroach. The giant cockroach barely misses you.
The kobold closely misses you.
The giant cockroach bites you but does no damage.
You barely miss the kobold. The kobold hits you but does no damage.
The giant cockroach bites you but does no damage. 😮 HP[+1]
You closely miss the kobold. You punch the kobold.
The giant cockroach completely misses you.
The kobold closely misses you.
You barely miss the kobold. The giant cockroach barely misses you.
The kobold closely misses you.
You hit the kobold but do no damage.
The giant cockroach bites you but does no damage.
The kobold hits you with a +0 short sword.
* * * LOW HITPOINT WARNING * * *
😨 HP[-4]
You take 4 damage, and now have 6/18 hp.
MASSIVE DAMAGE!! (PAUSE)
You closely miss the kobold. The giant cockroach barely misses you.
The kobold misses you.
The giant cockroach bites you but does no damage.
You barely miss the kobold.
The kobold hits you with a +0 short sword.
* * * LOW HITPOINT WARNING * * *
The giant cockroach bites you but does no damage. 😱 HP[-4]
You take 4 damage, and now have 2/18 hp.
MASSIVE DAMAGE!! (PAUSE)
You hit the giant cockroach.
You kill the giant cockroach!
Lugonu accepts your kill.
The kobold hits you with a +0 short sword.
You die...

Skill      XL: |  1 |
---------------+----+-----
Dodging        | 1 |  1.0
Fighting       | |  3.1
Polearms       | |  1.7
Armour         | |  1.5
Invocations    | |  1.7

Action                   || total
-------------------------++-------
Melee: Spear             ||    24
       Punch             ||     1
Armor: Leather armour    ||     9
Dodge: Dodged            ||    14

Levels and vault maps discovered:
D:1:      scummos_arrival_checkerplants, layout_basic,
          chequers_serial_rivers_large_a, kennysheep_minor_cross

Notes
Turn   | Place    | Note
-------+----------+-------------------------------------------
     0 | Abyss:1  | spiderkeys the Mummy Abyssal Knight began the quest for the
                  | Orb.
     0 | Abyss:1  | Reached XP level 1. HP: 18/18 MP: 2/2
     0 | Abyss:1  | magus.rc [v1.11.3]
     9 | D:1      | You pass through the gate.
     9 | D:1      | Escaped the Abyss
    75 | D:1      | Reached skill level 1 in Dodging
    88 | D:1      | HP: 2/18 [kobold/+0 short sword (4)]
    89 | D:1      | Slain by a kobold

Vanquished Creatures
  A giant cockroach (D:1)
  A goblin (D:1)
  2 jackals (D:1)
  A frilled lizard (D:1)
  A rat (D:1)
6 creatures vanquished.

Table legend:
 A = Non-vault XP
 B = Vault XP
 C = Vault XP percentage of total XP
 D = Non-vault monster count
 E = Vault monster count
 F = Vault count percentage of total count
                 A         B        C        D         E       F
            +---------+---------+-------+---------+---------+-------
      Total |      10 |       0 |   0.0 |       6 |       0 |   0.0
            +---------+---------+-------+---------+---------+-------
        D:1 |      10 |       0 |   0.0 |       6 |       0 |   0.0
            +---------+---------+-------+---------+---------+-------

Illustrated notes

Table legend:
 A = Kills in this place as a percentage of kills in entire the game.
 B = Kills by you in this place as a percentage of kills by you in the entire game.
 C = Kills by friends in this place as a percentage of kills by friends in the entire game.
 D = Other kills in this place as a percentage of other kills in the entire game.
 E = Experience gained in this place as a percentage of experience gained in the entire game.
 F = Experience gained in this place divided by the number of levels of this place that you have seen.
                   A       B       C       D       E      F
               +-------+-------+-------+-------+-------+----------------------
         Total | 100.0 | 100.0 |   N/A |   N/A | 100.0 |   5.0
       Dungeon | 100.0 | 100.0 |   N/A |   N/A | 100.0 |  10.0
               +-------+-------+-------+-------+-------+----------------------

Table legend: (Time is in decaauts)
 A = Elapsed time spent in this place.
 B = Non-inter-level travel time spent in this place.
 C = Inter-level travel time spent in this place.
 D = Time resting spent in this place.
 E = Time spent auto-exploring this place.
 F = Levels seen in this place.
 G = Mean time per level.
                   A        B        C        D        E       F      G
               +--------+--------+--------+--------+--------+-----+--------+
         Total |     89 |     89 |      0 |      0 |     48 |   2 |   44.5 |
       Dungeon |     80 |     80 |      0 |      0 |     47 |   1 |   80.0 |
         Abyss |      9 |      9 |      0 |      0 |      1 |   1 |    9.0 |
               +--------+--------+--------+--------+--------+-----+--------+

Top non-repeatable levels by time:
     D:1: 80 daAuts
 Abyss:1: 9 daAuts
